 Dungeon Sprint DCSS version 0.21-a0-361-g4efd3f9 (webtiles) character file.

2232 Kidiri the Fighter (level 9, -15/136 HPs)
             Began as a Black Draconian Berserker on Oct 13, 2017.
             Was an Elder of Trog.
             Killed from afar by an efreet (19 damage)
             ... with a fireball
             ... in the Dungeon (Sprint VII: "The Pits").
             The game lasted 00:04:05 (1354 turns).

Kidiri the Fighter (Black Draconian Berserker)      Turns: 1354, Time: 00:04:05

Health: -15/136    AC: 15    Str: 31    XL:     9   Next: 14%
Magic:  9/9        EV: 17    Int: 11    God:    Trog [****..]
Gold:   0          SH:  0    Dex: 10    Spells: 8/8 levels left

rFire    . . .     SeeInvis .   a - +2 dire flail (protect)
rCold    . . .     Gourm    .   (shield currently unavailable)
rNeg     . . .     Faith    .   (armour unavailable)
rPois    .         Spirit   .   (helmet restricted)
rElec    +         Reflect  .   (no cloak)
rCorr    .         Harm     .   s - +0 pair of gloves
MR       .....     NoTele   +   (no boots)
Stlth    ..........             (no amulet)
HPRegen  0.32/turn              n - +3 ring of intelligence
MPRegen  0.11/turn              o - +3 ring of strength

@: berserking, protection aura, very quick
A: breathe lightning, unfitting armour, electricity resistance, cold-blooded, AC
+7
a: Breathe Lightning, Berserk, Trog's Hand, Brothers in Arms, Burn Spellbooks,
Renounce Religion


You were in the Dungeon.
You worshipped Trog.
Trog was greatly pleased with you.
You were very hungry.

You visited 1 branch

Inventory:

Hand Weapons
 a - a +2 dire flail of protection (weapon)
Armour
 s - a +0 pair of gloves (worn)
Jewellery
 n - a +3 ring of intelligence (left hand)
 o - a +3 ring of strength (right hand)
Scrolls
 h - a scroll of blinking
 j - 3 scrolls of remove curse
 k - a scroll of summoning
Potions
 c - 8 potions of curing
 d - 5 potions of heal wounds
 e - 3 potions of haste
 f - 4 potions of magic
 g - 3 potions of berserk rage
 i - 2 potions of invisibility
 p - 2 potions of resistance
 q - a potion of brilliance
 r - a potion of might
Comestibles
 b - 8 bread rations
 l - 39 fruits
 m - 7 meat rations
 t - a chunk of flesh


   Skills:
 * Level 12.5 Fighting
 * Level 11.6 Maces & Flails
 + Level 6.5 Throwing
 * Level 10.7 Dodging


You had 8 spell levels left.
You didn't know any spells.

Dungeon Overview and Level Annotations

Branches:
Dungeon (1/1)

Altars:
Ashenzari
Cheibriados
Dithmenos
Elyvilon
Fedhas
Gozag
Hepliaklqana
Kikubaaqudgha
Makhleb
Nemelex Xobeh
Okawaru
Qazlal
Ru
Sif Muna
Trog
Uskayaw
Vehumet
Wu Jian
Xom
Yredelemnul
Zin
The Shining One
Beogh
Jiyva
Lugonu

Annotations:
D exclusions: 4 doors and 4 more exclusions


Innate Abilities, Weirdness & Mutations

You can breathe wild blasts of lightning.
Your glossy black scales are hard. (AC +7)
You cannot fit into any form of body armour.
You are resistant to electric shocks. (rElec)
You are cold-blooded and may be slowed by cold attacks.


Message History

You sock the molten gargoyle!
You tail-slap the molten gargoyle, but do no damage.
The molten gargoyle is moderately damaged.
The molten gargoyle blasts magma at you!
The bolt of magma hits you!
* * * LOW HITPOINT WARNING * * *
Unknown command.
You barely miss the molten gargoyle. You tail-slap the molten gargoyle!
The molten gargoyle is heavily damaged.
Unknown command.
You barely miss the molten gargoyle. You tail-slap the molten gargoyle!
The molten gargoyle is severely damaged.
You are feeling very hungry.
The molten gargoyle hits you but does no damage.
Unknown command.
You barely miss the molten gargoyle. You tail-slap the molten gargoyle!
The molten gargoyle is almost destroyed.
The efreet gestures at you.
The fireball explodes!
The fireball engulfs you!
You die...

....##.......##....###
+#####...<...##...##
))..##.......##..##
))..##.......##..#
######.......##..#
.#.. ##########..+
.#.############..#
.#.#....#..[.##..#
.#÷#....#..[[##.@#
.#)+....+..))##..9#
.#+#.)..#..))##..R§#
.+.#....#..))##......
######################


You could see an efreet and a molten gargoyle.

Vanquished Creatures
  2 deep elf magi (D)
  A black mamba (D)
  A hungry ghost (D)
  A water moccasin (D)
  2 floating eyes (D)
  A porcupine (D)
  An ogre (D)
  A killer bee (D)
  2 crimson imps (D)
  A worker ant (D)
  A river rat (D)
  An ooze (D)
  An orc (D)
  2 giant cockroaches (D)
  A hobgoblin (D)
  2 quokkas (D)
  A kobold (D)
  2 rats (D)
24 creatures vanquished.

Vanquished Creatures (collateral kills)
  A molten gargoyle (D)
  A komodo dragon (D)
  A jelly (D)
3 creatures vanquished.

Grand Total: 27 creatures vanquished

Notes
Turn   | Place    | Note
-------+----------+-------------------------------------------
     0 | D        | Kidiri the Draconian Berserker began the quest for the Orb.
     0 | D        | Reached XP level 1. HP: 19/19 MP: 1/1
    60 | D        | Found a bloodstained altar of Trog.
    60 | D        | Found a deep blue altar of Sif Muna.
    60 | D        | Found a viscous altar of Jiyva.
    60 | D        | Found a hazy altar of Hepliaklqana.
    60 | D        | Found an opulent altar of Gozag.
    61 | D        | Found a glowing golden altar of the Shining One.
    61 | D        | Found a glowing silver altar of Zin.
    61 | D        | Found a basalt altar of Yredelemnul.
    61 | D        | Found a shimmering altar of Xom.
    61 | D        | Found an ornate altar of the Wu Jian Council.
    61 | D        | Found a sacrificial altar of Ru.
    61 | D        | Found a stormy altar of Qazlal.
    61 | D        | Found an iron altar of Okawaru.
    61 | D        | Found a sparkling altar of Nemelex Xobeh.
    61 | D        | Found a burning altar of Makhleb.
    61 | D        | Found a blossoming altar of Fedhas.
    61 | D        | Found a white marble altar of Elyvilon.
    61 | D        | Found a shadowy altar of Dithmenos.
    61 | D        | Found a snail-covered altar of Cheibriados.
    63 | D        | Found a radiant altar of Vehumet.
    63 | D        | Found a corrupted altar of Lugonu.
    63 | D        | Found a roughly hewn altar of Beogh.
    64 | D        | Found a hide-covered altar of Uskayaw.
    64 | D        | Found an ancient bone altar of Kikubaaqudgha.
    64 | D        | Found a shattered altar of Ashenzari.
    85 | D        | Noticed a floating eye
    89 | D        | Paralysed by a floating eye for 2 turns
    91 | D        | Killed a floating eye
    91 | D        | Reached skill level 6 in Fighting
    91 | D        | Reached skill level 5 in Dodging
    91 | D        | Reached XP level 2. HP: 31/31 MP: 2/2
    91 | D        | Reached XP level 3. HP: 38/38 MP: 3/3
    91 | D        | Reached XP level 4. HP: 45/45 MP: 4/4
   186 | D        | Reached ** piety under Trog
   346 | D        | Reached skill level 7 in Fighting
   415 | D        | Noticed a floating eye
   418 | D        | Paralysed by a floating eye for 4 turns
   422 | D        | Killed a floating eye
   422 | D        | Reached *** piety under Trog
   422 | D        | Reached skill level 8 in Fighting
   422 | D        | Reached XP level 5. HP: 51/53 MP: 5/5
   493 | D        | Noticed a hungry ghost
   514 | D        | Killed a hungry ghost
   514 | D        | Reached **** piety under Trog
   514 | D        | Reached XP level 6. HP: 62/62 MP: 6/6
   530 | D        | Reached skill level 9 in Fighting
   568 | D        | Reached ***** piety under Trog
   627 | D        | Received a gift from Trog
   627 | D        | Your scales start taking on a glossy black colour.
   627 | D        | Reached XP level 7. HP: 71/71 MP: 7/7
   627 | D        | Gained mutation: You are resistant to electric shocks. (rElec) [Black Draconian growth]
   635 | D        | Noticed a deep elf mage
   644 | D        | Reached skill level 10 in Fighting
   648 | D        | Received a gift from Trog
   651 | D        | HP: 5/109 [deep elf mage/stone arrow (27)]
   653 | D        | Killed a deep elf mage
   653 | D        | Reached skill level 11 in Fighting
   653 | D        | Reached skill level 10 in Maces & Flails
   653 | D        | Reached skill level 5 in Throwing
   653 | D        | Reached XP level 8. HP: 6/82 MP: 8/8
   980 | D        | Noticed a komodo dragon
   980 | D        | Noticed a molten gargoyle
   982 | D        | Killed a molten gargoyle
   986 | D        | Killed a komodo dragon
  1112 | D        | Noticed a deep elf mage
  1112 | D        | Noticed a black mamba
  1124 | D        | Killed a black mamba
  1124 | D        | Reached skill level 12 in Fighting
  1124 | D        | Reached skill level 10 in Dodging
  1128 | D        | Killed a deep elf mage
  1128 | D        | Reached XP level 9. HP: 56/91 MP: 9/9
  1345 | D        | Noticed a molten gargoyle
  1346 | D        | Noticed an efreet
  1351 | D        | HP: 3/136 [molten gargoyle/bolt of magma (28)]
  1354 | D        | Killed from afar by an efreet

Vault maps used:
D:        pitsprint

Skill      XL: |  1  2  3  4  5  6  7  8 |
---------------+-------------------------+-----
Dodging        | 5 6 7 8 9 10 | 10.7
Fighting       | 6 8 9 11 12 | 12.5
Maces & Flails | 6 7 8 9 10 11 | 11.6
Throwing       | 2 3 4 5 6 |  6.5

Action                   |  1- 3 |  4- 6 |  7- 9 || total
-------------------------+-------+-------+-------++-------
Melee: Mace              |     6 |    65 |    19 ||    90
       Tailslap          |     1 |    11 |    10 ||    22
       Dire flail        |       |       |    16 ||    16
Invok: Berserk           |       |     2 |     3 ||     5
       Brothers in Arms  |       |       |     2 ||     2
 Abil: Breathe Lightning |       |       |     1 ||     1
  Use: Potion            |       |       |     1 ||     1
 Stab: Sleeping          |       |     2 |       ||     2
       Distracted        |       |       |     1 ||     1
  Eat: Chunk             |       |     4 |     4 ||     8
       Fruit             |       |       |     1 ||     1
Armor: Skin              |     1 |    26 |     8 ||    35
Dodge: Dodged            |     1 |    58 |    16 ||    75

Table legend:
 A = Spawn XP
 B = Non-spawn XP
 C = Spawn XP percentage of total XP
 D = Spawn monster count
 E = Non-spawn monster count
 F = Spawn count percentage of total count
 G = Total turns spent on level
                    A         B        C        D         E        F      G
               +---------+---------+-------+---------+---------+-------+---------
         Total |       0 |    3189 |   0.0 |       0 |      27 |   0.0 |  1354
               +---------+---------+-------+---------+---------+-------+---------
             D |       0 |    3189 |   0.0 |       0 |      27 |   0.0 |  1354
               +---------+---------+-------+---------+---------+-------+---------
